 Dungeon Crawl Stone Soup version 0.31-a0-321-g19405a7a6a (webtiles) character file.

Game seed: 14734009110039039416

368 cforsyth the Changeling (level 6, -2/48 HPs)
             Began as a Vampire Shapeshifter on July 18, 2023.
             Was an Initiate of Nemelex Xobeh.
             Splashed by a jelly's acid (6 damage)
             ... on level 4 of the Dungeon.
             The game lasted 00:04:08 (3627 turns).

cforsyth the Changeling (Vampire Shapeshifter)      Turns: 3627, Time: 00:04:08

Health: -2/48      AC: -6    Str: 16    XL:     6   Next: 41%
Magic:  6/6        EV:  5    Int: 10    God:    Nemelex Xobeh [......]
Gold:   251        SH:  0    Dex: 15    Spells: 5/5 levels left

rFire   . .          .
                       - Unarmed
rCold   . . .        (no shield)
rNeg    . . .        m - +0 plate armour
rPois   .            (helmet currently unavailable)
rElec   .            (cloak currently unavailable)
rCorr   .            (gloves currently unavailable)
SInv    +            (boots currently unavailable)
Will    .....        (no amulet) Stlth
                     (no ring)
HPRegen 0.48/turn    (no ring)
MPRegen 0.10/turn

%: no passive effects
@: beast-form, corroded, attractive, healing quickly
A: beast (slay +3), alive, fangs 3, see invisible, vampiric 2
a: Exsanguinate, Begin Untransformation, Renounce Religion, Draw Escape, Draw
Destruction, Draw Summoning


You were on level 4 of the Dungeon.
You worshipped Nemelex Xobeh.
Nemelex Xobeh was noncommittal.
You were a hulking beast.
You visited 2 branches of the dungeon, and saw 5 of its levels.

You collected 251 gold pieces.

Inventory:

Armour
 a - a +0 animal skin
 m - a +0 plate armour (worn)
Talismans
 c - a beast talisman
 l - a blade talisman
Scrolls
 d - a scroll of summoning {unknown}
 e - a scroll of immolation {unknown}
 f - a scroll of acquirement {unknown}
 h - 2 scrolls of teleportation {unknown}
 n - a scroll of identify {unknown}
 o - a scroll of brand weapon {unknown}
 p - a scroll of poison {unknown}
 r - a scroll of enchant armour {unknown}
Potions
 b - a potion of berserk rage {unknown}
 g - 2 potions of attraction
 i - a potion of mutation {unknown}
 j - a potion of might {unknown}
 k - a potion of curing {unknown}
 q - 2 potions of brilliance {unknown}


   Skills:
 + Level 3.9 Fighting
 - Level 2.1 Dodging
 - Level 3.6 Unarmed Combat
 * Level 5.3 Shapeshifting


You had 5 spell levels left.
You didn't know any spells.
Your spell library contained the following spells:

 Spells                   Type           Power      Damage    Failure   Level
 Poisonous Vapours        Pois/Air       0%         N/A       100%        2
 Mephitic Cloud           Conj/Pois/Air  0%         N/A       100%        3
 Freezing Cloud           Conj/Ice/Air   0%         6-21      100%        5


Dungeon Overview and Level Annotations

Branches:
Dungeon (4/15)             Temple (1/1) D:4

Altars:
Ashenzari
Cheibriados
Fedhas
Hepliaklqana
Nemelex Xobeh
Okawaru
Qazlal
Ru
Sif Muna
Trog
Vehumet
Wu Jian
Xom
Yredelemnul

Shops:
D:1 [   D:3 (

Annotations:
D:3 1 runed translucent door, Crazy Yiuf


Innate Abilities, Weirdness & Mutations

You are a hulking beast.
Your limbs bulge with bestial killing power. (Slay +3)
Your natural rate of healing is accelerated.
You have razor-sharp teeth.
You have supernaturally acute eyesight. (SInv)
You are afflicted with vampirism and can become a bat while bloodless.


Message History

Items here: )) [ ††.
There is an open door here.
A jelly comes into view.
The jelly quivers.
A jelly is nearby!
A jelly is nearby!
A jelly is nearby!
The jelly hits you but does no damage.
You hit the jelly. The acid corrodes you!
Your hands burn!
You bite the jelly, but do no damage.
The jelly is moderately wounded.
The jelly hits you but does no damage.
You hit the jelly. The acid corrodes you!
Your hands burn!
The jelly is severely wounded.
The jelly hits you. The acid corrodes you!
You are splashed with acid!
You hit the jelly but do no damage.
Your hands burn!
The jelly is severely wounded.
The jelly hits you.
You are splashed with acid!
You are too injured to fight recklessly!
You are too injured to fight recklessly!
You are too injured to fight recklessly!
You hit the jelly but do no damage.
Your hands burn!
The jelly is severely wounded.
You hit the jelly but do no damage. The acid corrodes you!
Your hands burn!
* * * LOW HITPOINT WARNING * * *
The jelly is severely wounded.
The jelly hits you.
* * * LOW HITPOINT WARNING * * *
You are splashed with acid!
* * * LOW HITPOINT WARNING * * *
Unknown command.
Okay, then.
Okay, then.
It was a potion of attraction.
You feel attractive to monsters. The jelly hits you.
* * * LOW HITPOINT WARNING * * *
You are splashed with acid.
You die...
Your body disappears without a glow.

# # # ### ############
...######.###...........
......Jh.........#.....#
.................#.....#
.................#.....#
.................#.....#
.................#.....+
....###...##.....#.....#
.... #...##.....#......
... ....#......#......
#......


You could see a jelly.

Vanquished Creatures
  2 scorpions
  2 orc priests (D:3)
  2 orc wizards
  5 adders
  A gnoll (D:1)
  A worm (D:4)
  A dart slug (D:2)
  14 orcs
  4 ball pythons
  5 endoplasms
  3 giant cockroaches
  7 hobgoblins
  2 quokkas
  7 bats
  4 frilled lizards
  7 goblins
  10 kobolds
  3 rats (D:1)
80 creatures vanquished.

Notes
Turn   | Place    | Note
-------+----------+-------------------------------------------
     0 | D:1      | cforsyth the Vampire Shapeshifter began the quest for the
                  | Orb.
     0 | D:1      | Reached XP level 1. HP: 16/16 MP: 1/1
    39 | D:1      | Reached XP level 2. HP: 14/22 MP: 2/2
   324 | D:1      | Found Suseda's Armour Boutique.
   741 | D:2      | Gained mutation: You are afflicted with vampirism and can
                  | become a bat while bloodless. [Vampire growth]
   741 | D:2      | Reached XP level 3. HP: 23/28 MP: 3/3
   930 | D:2      | Found a faded altar of an unknown god.
  1484 | D:3      | Noticed a scorpion
  1524 | D:3      | Killed a scorpion
  1525 | D:3      | Reached skill level 4 in Shapeshifting
  1525 | D:3      | Reached XP level 4. HP: 14/35 MP: 4/4
  1725 | D:3      | Reached XP level 5. HP: 41/41 MP: 5/5
  2097 | D:3      | Found Dimuish's Weapon Shoppe.
  2437 | D:3      | Found a runed translucent door.
  2438 | D:3      | Noticed Crazy Yiuf
  2847 | D:4      | Found a staircase to the Ecumenical Temple.
  2864 | Temple   | Entered the Ecumenical Temple
  2870 | Temple   | Became a worshipper of Nemelex Xobeh the Trickster
  2888 | D:4      | Reached skill level 5 in Shapeshifting
  2888 | D:4      | Reached XP level 6. HP: 34/48 MP: 6/6
  3627 | D:4      | Splashed by a jelly's acid

Illustrated notes

Levels and vault maps discovered:
D:1:      ebering_trefoil_twist, layout_basic, serial_shops, shop
D:2:      layout_basic, hellmonk_ecumenical_altar_zigzags
D:3:      layout_rooms, serial_co_window_serial, co_window_paths_a,
          co_window_paths_b, co_window_of_opportunity_a, co_window_paths_b,
          co_window_corner_a, co_window_cross_1, co_window_of_opportunity_a,
          co_window_paths_a, co_window_paths_b, co_window_unsneaky_path_e,
          co_window_unsneaky_path_a, co_window_of_opportunity_b,
          co_window_broadway_b, co_window_broadway_b, co_window_4corner_b,
          co_window_4corner_a, glass_columns_a, serial_shops, shop,
          grunt_ministairs_10, uniq_crazy_yiuf_cottage
D:4:      layout_gridville, minmay_temple_entry_drinking_statues
Temple:   nicolae_temple_bog_church

Skill      XL: |  1  2  3  4  5 |
---------------+----------------+-----
Fighting       | 2 3 |  3.9
Unarmed Combat | 3 |  3.6
Shapeshifting  | 4 5 |  5.3
Dodging        | |  2.1

Action                     |  1- 3 |  4- 6 || total
---------------------------+-------+-------++-------
  Melee: Unarmed           |   134 |   102 ||   236
         Bite              |     5 |    12 ||    17
         Punch             |     2 |     3 ||     5
    Use: Potion            |     1 |     1 ||     2
   Stab: Sleeping          |     1 |       ||     1
 Armour: Animal skin       |    17 |     7 ||    24
         Skin              |    29 |       ||    29
         Plate armour      |       |    22 ||    22
  Dodge: Dodged            |    57 |    30 ||    87

Table legend: (Time is in decaauts)
 A = Elapsed time spent in this place.
 B = Non-inter-level travel time spent in this place.
 C = Inter-level travel time spent in this place.
 D = Time resting spent in this place.
 E = Time spent auto-exploring this place.
 F = Levels seen in this place.
 G = Mean time per level.
                   A        B        C        D        E       F      G
               +--------+--------+--------+--------+--------+-----+--------+
         Total |   3613 |   3454 |    159 |      0 |   2896 |   5 |  722.6 |
       Dungeon |   3599 |   3447 |    152 |      0 |   2896 |   4 |  899.8 |
        Temple |     13 |      7 |      6 |      0 |      0 |   1 |   13.0 |
               +--------+--------+--------+--------+--------+-----+--------+

Top non-repeatable levels by time:
     D:3: 1433 daAuts
     D:4: 762 daAuts
     D:2: 741 daAuts
     D:1: 660 daAuts
  Temple: 13 daAuts
